| TOP OF THE 1ST |
|
Minnesota Twins batting - Pitching for Cleveland Indians : RHP Justin Judson
|
|
Pitching: RHP Justin Judson
|
|
|
Batting: RHB Yonetoshi Muranaka
|
0-0: Ball 1-0: Ball 2-0: Ball 3-0: Called Strike 3-1: Foul Ball, location: 2F 3-2: Ground out 4-3 (Groundball, 4, EV 89.4 MPH)
|
|
Batting: LHB Gerardo Flores
|
0-0: Ball 1-0: Swinging Strike 1-1: Swinging Strike 1-2: Strikes out swinging
|
|
Batting: RHB Jesus Chavez
|
0-0: Ball 1-0: Ball 2-0: SINGLE (Line Drive, 8RS, EV 98.8 MPH)
|
|
Batting: RHB Väinö Tapaninen
|
0-0: Ball 1-0: Ball 2-0: Ball 3-0: Base on Balls Jesus Chavez to second
|
|
Batting: RHB Vinny Luna
|
0-0: Called Strike 0-1: SINGLE (Line Drive, 8RS, EV 108.8 MPH) Jesus Chavez to third Väinö Tapaninen to second Runner from 3rd tries for Home, SAFE, throw by CF to home
|
|
Batting: SHB Aaron Tatar
|
0-0: Hit by Pitch Väinö Tapaninen to third Vinny Luna to second
|
|
Batting: RHB Aaron Trotman
|
0-0: Ball 1-0: Called Strike 1-1: Ball 2-1: Ball 3-1: Called Strike 3-2: Foul Ball, location: 2F 3-2: Strikes out swinging
|
| Top of the 1st over - 1 run, 2 hits, 0 errors, 3 left on base; Minnesota 1 - Cleveland 0 |
| BOTTOM OF THE 1ST |
|
Cleveland Indians batting - Pitching for Minnesota Twins : RHP Greg Weislo
|
|
Pitching: RHP Greg Weislo
|
|
|
Batting: RHB Drtian Thaqi
|
0-0: Called Strike 0-1: SINGLE (Groundball, 4MD, EV 97.5 MPH)
|
|
Batting: LHB Kyle Schaible
|
0-0: Ball 1-0: Ball 2-0: Called Strike 2-1: Foul Ball, location: 2F 2-2: Ball 3-2: Grounds into double play, 4-6-3 (Groundball, 34D, EV 110.0 MPH)
|
|
Batting: LHB Arvin Dungca
|
0-0: Ball 1-0: Swinging Strike 1-1: Ball 2-1: Called Strike 2-2: Ball 3-2: Ground out 4-3 (Groundball, 34, EV 102.5 MPH)
|
| Bottom of the 1st over - 0 runs, 1 hit, 0 errors, 0 left on base; Minnesota 1 - Cleveland 0 |
| TOP OF THE 2ND |
|
Minnesota Twins batting - Pitching for Cleveland Indians : RHP Justin Judson
|
|
Batting: RHB Josh Zoglmann
|
0-0: Foul Ball, location: 2F 0-1: Foul Ball, location: 2F 0-2: Ball 1-2: Ball 2-2: SINGLE (Line Drive, 9S, EV 107.5 MPH)
|
|
Batting: RHB Bobby Blanchard
|
0-0: TRIPLE (Line Drive, 78XD, EV 104.4 MPH) Josh Zoglmann scores
|
|
Batting: RHB Yonetoshi Muranaka
|
0-0: Called Strike 0-1: Called Strike 0-2: Fly out, F8 (Flyball, 8LD, EV 91.9 MPH) Runner from 3rd tags up, SCORES, throw by CF
|
|
Batting: LHB Gerardo Flores
|
0-0: Ball 1-0: SINGLE (Line Drive, 89M, EV 88.1 MPH)
|
|
Batting: RHB Jesus Chavez
|
0-0: Ball 1-0: Called Strike 1-1: Ball 2-1: Ball 3-1: Fly out, F9 (Line Drive, 9, EV 92.5 MPH)
|
|
Batting: RHB Väinö Tapaninen
|
0-0: Foul Ball, location: 2F 0-1: Ball 1-1: Ball 2-1: Fielders Choice at 2nd, 5-4 (Groundball, 56, EV 84.4 MPH)
|
| Top of the 2nd over - 2 runs, 3 hits, 0 errors, 1 left on base; Minnesota 3 - Cleveland 0 |
| BOTTOM OF THE 2ND |
|
Cleveland Indians batting - Pitching for Minnesota Twins : RHP Greg Weislo
|
|
Batting: SHB Dan Hill
|
0-0: Swinging Strike 0-1: SINGLE (Groundball, 34D, EV 104.4 MPH)
|
|
Batting: LHB Fernando Campos
|
0-0: Ball 1-0: Swinging Strike 1-1: Called Strike 1-2: Strikes out swinging
|
|
Batting: LHB Hector Pedroso
|
0-0: Fly out, F9 (Flyball, 9D, EV 98.8 MPH)
|
|
Batting: RHB Chad Manning
|
0-0: Ball 1-0: Fielders Choice at 2nd, 6-4 (Groundball, 56, EV 104.4 MPH)
|
| Bottom of the 2nd over - 0 runs, 1 hit, 0 errors, 1 left on base; Minnesota 3 - Cleveland 0 |
| TOP OF THE 3RD |
|
Minnesota Twins batting - Pitching for Cleveland Indians : RHP Justin Judson
|
|
Batting: RHB Vinny Luna
|
0-0: Foul Ball, location: 2F 0-1: Fly out, F8 (Flyball, 78S, EV 97.5 MPH)
|
|
Batting: SHB Aaron Tatar
|
0-0: Called Strike 0-1: Swinging Strike 0-2: Fly out, F5 (Line Drive, 5, EV 73.8 MPH)
|
|
Batting: RHB Aaron Trotman
|
0-0: Ball 1-0: Called Strike 1-1: Foul Ball, location: 2F 1-2: Foul Ball, location: 2F 1-2: Ground out 1-3 (Groundball, 15S, EV 68.8 MPH)
|
| Top of the 3rd over - 0 runs, 0 hits, 0 errors, 0 left on base; Minnesota 3 - Cleveland 0 |
| BOTTOM OF THE 3RD |
|
Cleveland Indians batting - Pitching for Minnesota Twins : RHP Greg Weislo
|
|
Batting: RHB Justin Ganey
|
0-0: Ball 1-0: Fly out, F6 (Line Drive, 6, EV 72.5 MPH)
|
|
Batting: RHB Toki Takeuchi
|
0-0: Foul Ball, location: 2F 0-1: Ball 1-1: Ball 2-1: SINGLE (Line Drive, 8RS, EV 99.4 MPH)
|
|
Batting: RHB Drtian Thaqi
|
0-0: Ball 1-0: Fly out, F2 (Popup, 23F, EV 80.6 MPH)
|
|
Batting: LHB Kyle Schaible
|
0-0: Called Strike 0-1: Foul Ball, location: 2F 0-2: Ball 1-2: Ball 2-2: Foul Ball, location: 2F 2-2: Ball 3-2: SINGLE (Line Drive, 6MD, EV 94.4 MPH) Toki Takeuchi to second Toki Takeuchi to third
|
|
Batting: LHB Arvin Dungca
|
0-0: Called Strike 0-1: Foul Ball, location: 2F 0-2: Ball 1-2: Ball 2-2: Foul Ball, location: 2F 2-2: Foul Ball, location: 2F 2-2: Foul Ball, location: 2F 2-2: SINGLE (Groundball, 4MD, EV 108.1 MPH) Toki Takeuchi scores Kyle Schaible to second Runner from 2nd tries for 3rd, SAFE, throw by CF made to third Arvin Dungca to second
|
|
Batting: SHB Dan Hill
|
0-0: Fly out, F8 (Flyball, 8LD, EV 80.6 MPH)
|
| Bottom of the 3rd over - 1 run, 3 hits, 0 errors, 2 left on base; Minnesota 3 - Cleveland 1 |
| TOP OF THE 4TH |
|
Minnesota Twins batting - Pitching for Cleveland Indians : RHP Justin Judson
|
|
Batting: RHB Josh Zoglmann
|
0-0: SINGLE (Groundball, 4MS, EV 67.5 MPH) (infield hit)
|
|
Batting: RHB Bobby Blanchard
|
0-0: DOUBLE (Line Drive, 78D, EV 105.0 MPH) Josh Zoglmann to third Runner from 3rd tries for Home, SAFE, no throw by LF
|
|
Batting: RHB Yonetoshi Muranaka
|
0-0: Swinging Strike 0-1: Swinging Strike 0-2: Ball 1-2: Ball 2-2: Fly out, F8 (Flyball, 8LD, EV 89.4 MPH) Runner from 2nd tags up, SAFE at 3rd with throw by CF
|
|
Batting: LHB Gerardo Flores
|
0-0: Ball 1-0: Called Strike 1-1: Ball 2-1: Foul Ball, location: 2F 2-2: Ball 3-2: Foul Ball, location: 2F 3-2: Foul Ball, location: 2F 3-2: Fly out, F8 (Flyball, 8LD, EV 92.5 MPH) Runner from 3rd tags up, SCORES, no throw by CF
|
|
Batting: RHB Jesus Chavez
|
0-0: Fly out, F7 (Flyball, 78S, EV 88.1 MPH)
|
| Top of the 4th over - 2 runs, 2 hits, 0 errors, 0 left on base; Minnesota 5 - Cleveland 1 |
| BOTTOM OF THE 4TH |
|
Cleveland Indians batting - Pitching for Minnesota Twins : RHP Greg Weislo
|
|
Batting: LHB Fernando Campos
|
0-0: Ball 1-0: Called Strike 1-1: Swinging Strike 1-2: Fly out, F8 (Line Drive, 8RM, EV 95.0 MPH)
|
|
Batting: LHB Hector Pedroso
|
0-0: Ball 1-0: Foul Ball, location: 2F 1-1: Ball 2-1: Ball 3-1: Called Strike 3-2: Base on Balls
|
|
Batting: RHB Chad Manning
|
0-0: Called Strike 0-1: Ball 1-1: Called Strike 1-2: Ball 2-2: Ball 3-2: Ground out U3 (Groundball, 34S, EV 66.9 MPH) Hector Pedroso to second
|
|
Batting: RHB Justin Ganey
|
0-0: Called Strike 0-1: Ball 1-1: Ball 2-1: Fly out, F8 (Flyball, 89M, EV 96.3 MPH)
|
| Bottom of the 4th over - 0 runs, 0 hits, 0 errors, 1 left on base; Minnesota 5 - Cleveland 1 |
| TOP OF THE 5TH |
|
Minnesota Twins batting - Pitching for Cleveland Indians : RHP Justin Judson
|
|
Pitching: RHP Dennis Beals
|
|
|
Batting: RHB Väinö Tapaninen
|
0-0: Foul Ball, location: 2F 0-1: Called Strike 0-2: Strikes out looking
|
|
Batting: RHB Vinny Luna
|
0-0: Swinging Strike 0-1: Ball 1-1: Ball 2-1: Foul Ball, location: 2F 2-2: Ball 3-2: Base on Balls
|
|
Batting: SHB Aaron Tatar
|
0-0: Called Strike 0-1: Ball 1-1: Ball 2-1: Ball 3-1: Foul Ball, location: 2F 3-2: Strikes out swinging
|
|
Batting: RHB Aaron Trotman
|
0-0: Ball 1-0: Foul Ball, location: 2F 1-1: Ball 2-1: Ball 3-1: Swinging Strike 3-2: Base on Balls Vinny Luna to second
|
|
Batting: RHB Josh Zoglmann
|
0-0: Ball 1-0: Fly out, F6 (Flyball, 6MD, EV 83.1 MPH)
|
| Top of the 5th over - 0 runs, 0 hits, 0 errors, 2 left on base; Minnesota 5 - Cleveland 1 |
| BOTTOM OF THE 5TH |
|
Cleveland Indians batting - Pitching for Minnesota Twins : RHP Greg Weislo
|
|
Batting: RHB Toki Takeuchi
|
0-0: Ball 1-0: SINGLE (Line Drive, 89M, EV 97.5 MPH)
|
|
Batting: RHB Drtian Thaqi
|
0-0: Ball Pickoff Throw by Catcher to First - Error! E2 Toki Takeuchi to second 1-0: Ball 2-0: Foul Ball, location: 2F 2-1: Ground out 1-3 (Groundball, 34S, EV 65.6 MPH) Toki Takeuchi to third
|
|
Batting: LHB Kyle Schaible
|
0-0: Ball 1-0: Ball 2-0: Ball 3-0: Base on Balls
|
|
Batting: LHB Arvin Dungca
|
0-0: Foul Ball, location: 2F 0-1: Grounds into double play, 4-6-3 (Groundball, 4, EV 102.5 MPH)
|
| Bottom of the 5th over - 0 runs, 1 hit, 1 error, 1 left on base; Minnesota 5 - Cleveland 1 |
| TOP OF THE 6TH |
|
Minnesota Twins batting - Pitching for Cleveland Indians : RHP Dennis Beals
|
|
Batting: RHB Bobby Blanchard
|
0-0: Ball 1-0: Fly out, F3 (Line Drive, 3, EV 70.0 MPH)
|
|
Batting: RHB Yonetoshi Muranaka
|
0-0: Ball 1-0: Ball 2-0: Called Strike 2-1: Ball 3-1: Ground out 6-3 (Groundball, 6, EV 108.1 MPH)
|
|
Batting: LHB Gerardo Flores
|
0-0: Called Strike 0-1: Ground out U3 (Groundball, 34, EV 83.8 MPH)
|
| Top of the 6th over - 0 runs, 0 hits, 0 errors, 0 left on base; Minnesota 5 - Cleveland 1 |
| BOTTOM OF THE 6TH |
|
Cleveland Indians batting - Pitching for Minnesota Twins : RHP Greg Weislo
|
|
Batting: SHB Dan Hill
|
0-0: DOUBLE (Line Drive, 8RXD, EV 103.8 MPH)
|
|
Batting: LHB Fernando Campos
|
0-0: Swinging Strike 0-1: Foul Ball, location: 2F 0-2: Ball 1-2: Foul Ball, location: 2F 1-2: Foul Ball, location: 2F 1-2: Ball 2-2: SINGLE (Groundball, 56, EV 111.9 MPH) Dan Hill to third Runner from 3rd tries for Home, SAFE, throw by LF to home
|
|
Batting: LHB Hector Pedroso
|
0-0: Ball Fernando Campos is caught stealing 2nd base 2-6 1-0: SOLO HOME RUN (Flyball, 89XD, EV 98.1 MPH), Distance : 402 ft
|
|
Batting: RHB Chad Manning
|
0-0: Called Strike 0-1: Ball 1-1: Foul Ball, location: 2F 1-2: Foul Ball, location: 2F 1-2: Ground out 5-3 (Groundball, 5, EV 103.1 MPH)
|
|
Batting: RHB Justin Ganey
|
0-0: Ball 1-0: Swinging Strike 1-1: Ball 2-1: Foul Ball, location: 2F 2-2: Ground out 3-1 (Groundball, 3D, EV 100.6 MPH)
|
| Bottom of the 6th over - 2 runs, 3 hits, 0 errors, 0 left on base; Minnesota 5 - Cleveland 3 |
| TOP OF THE 7TH |
|
Minnesota Twins batting - Pitching for Cleveland Indians : RHP Dennis Beals
|
|
Pitching: RHP Josh Hebert
|
|
|
Batting: RHB Jesus Chavez
|
0-0: Ball 1-0: Ball 2-0: Called Strike 2-1: Ground out U3 (Groundball, 34, EV 83.8 MPH)
|
|
Batting: RHB Väinö Tapaninen
|
0-0: Ball 1-0: Foul Ball, location: 2F 1-1: Swinging Strike 1-2: Strikes out swinging
|
|
Batting: RHB Vinny Luna
|
0-0: Swinging Strike 0-1: Ball 1-1: Ball 2-1: Ball 3-1: Called Strike 3-2: Foul Ball, location: 2F 3-2: Foul Ball, location: 2F 3-2: Foul Ball, location: 2F 3-2: Foul Ball, location: 2F 3-2: Foul Ball, location: 2F 3-2: DOUBLE (Groundball, 5L, EV 98.1 MPH)
|
|
Batting: SHB Aaron Tatar
|
0-0: Ball 1-0: Swinging Strike 1-1: Ball 2-1: Called Strike 2-2: Ball 3-2: Strikes out swinging, 2-3 out at first.
|
| Top of the 7th over - 0 runs, 1 hit, 0 errors, 1 left on base; Minnesota 5 - Cleveland 3 |
| BOTTOM OF THE 7TH |
|
Cleveland Indians batting - Pitching for Minnesota Twins : RHP Greg Weislo
|
|
Batting: RHB Toki Takeuchi
|
0-0: Foul Ball, location: 2F 0-1: Ball 1-1: Fly out, F8 (Flyball, 8RD, EV 95.0 MPH)
|
|
Batting: RHB Drtian Thaqi
|
0-0: Swinging Strike 0-1: Foul Ball, location: 2F 0-2: Ball 1-2: Ball 2-2: Fly out, F6 (Popup, 56, EV 76.3 MPH)
|
|
Batting: LHB Kyle Schaible
|
0-0: Ball 1-0: Foul Ball, location: 2F 1-1: Called Strike 1-2: Ground out U3 (Groundball, 3L, EV 95.6 MPH)
|
| Bottom of the 7th over - 0 runs, 0 hits, 0 errors, 0 left on base; Minnesota 5 - Cleveland 3 |
| TOP OF THE 8TH |
|
Minnesota Twins batting - Pitching for Cleveland Indians : RHP Josh Hebert
|
|
Pitching: RHP Dan Korte
|
|
|
Batting: RHB Aaron Trotman
|
0-0: Foul Ball, location: 2F 0-1: Swinging Strike 0-2: Ball 1-2: Ball 2-2: Ball 3-2: Strikes out swinging
|
|
Batting: RHB Josh Zoglmann
|
0-0: Ball 1-0: SINGLE (Line Drive, 89S, EV 106.9 MPH)
|
|
Batting: RHB Bobby Blanchard
|
0-0: Ball 1-0: Fly out, F8 (Flyball, 8LS, EV 88.1 MPH)
|
|
Batting: RHB Yonetoshi Muranaka
|
0-0: Foul Ball, location: 2F 0-1: Swinging Strike 0-2: Ball 1-2: Ball 2-2: Strikes out swinging
|
| Top of the 8th over - 0 runs, 1 hit, 0 errors, 1 left on base; Minnesota 5 - Cleveland 3 |
| BOTTOM OF THE 8TH |
|
Cleveland Indians batting - Pitching for Minnesota Twins : RHP Greg Weislo
|
|
Pitching: RHP Mario Arce
|
|
|
Batting: LHB Arvin Dungca
|
0-0: Ball 1-0: Called Strike 1-1: Called Strike 1-2: Strikes out looking
|
|
Batting: SHB Dan Hill
|
0-0: Ball 1-0: Called Strike 1-1: Ball 2-1: Ball 3-1: SINGLE (Line Drive, 3D, EV 93.8 MPH)
|
|
Batting: LHB Fernando Campos
|
0-0: Ball 1-0: Grounds into double play, 4-6-3 (Groundball, 4, EV 88.8 MPH)
|
| Bottom of the 8th over - 0 runs, 1 hit, 0 errors, 0 left on base; Minnesota 5 - Cleveland 3 |
| TOP OF THE 9TH |
|
Minnesota Twins batting - Pitching for Cleveland Indians : RHP Dan Korte
|
|
Batting: LHB Gerardo Flores
|
0-0: Foul Ball, location: 2F 0-1: Foul Ball, location: 2F 0-2: Ball 1-2: Ball 2-2: Ball 3-2: Fly out, F7 (Line Drive, 7D, EV 88.8 MPH)
|
|
Batting: RHB Jesus Chavez
|
0-0: Swinging Strike 0-1: Ball 1-1: Ball 2-1: Foul Ball, location: 2F 2-2: Ball 3-2: Foul Ball, location: 2F 3-2: Ground out 4-3 (Groundball, 4, EV 90.0 MPH)
|
|
Batting: RHB Väinö Tapaninen
|
0-0: Foul Ball, location: 2F 0-1: Ball 1-1: Foul Ball, location: 2F 1-2: Ball 2-2: Strikes out swinging
|
| Top of the 9th over - 0 runs, 0 hits, 0 errors, 0 left on base; Minnesota 5 - Cleveland 3 |
| BOTTOM OF THE 9TH |
|
Cleveland Indians batting - Pitching for Minnesota Twins : RHP Mario Arce
|
|
Batting: LHB Hector Pedroso
|
0-0: Ball 1-0: Called Strike 1-1: Ground out 4-3 (Groundball, 4, EV 83.8 MPH)
|
|
Batting: RHB Chad Manning
|
0-0: Ball 1-0: Ground out 6-3 (Groundball, 6S, EV 82.5 MPH)
|
|
Batting: RHB Justin Ganey
|
0-0: Swinging Strike 0-1: Fly out, F3 (Popup, 23F, EV 84.4 MPH)
|
| Bottom of the 9th over - 0 runs, 0 hits, 0 errors, 0 left on base; Minnesota 5 - Cleveland 3 |
|